 Dungeon Crawl Stone Soup version 0.27-a0-1191-g601b473118 (webtiles) character file.

Game seed: 5953155513965783143

3938 shoop the Grappler (level 10, -5/96 HPs)
             Began as a Troll Hunter on May 23, 2021.
             Was a Believer of Dithmenos.
             Splashed by an acid dragon's acid (11 damage)
             ... on level 9 of the Dungeon.
             The game lasted 00:14:37 (5530 turns).

shoop the Grappler (Troll Hunter)                   Turns: 5530, Time: 00:14:38

Health: -5/96      AC:  2    Str: 23    XL:     10   Next: 1%
Magic:  18/18      EV: 10    Int:  7    God:    Dithmenos [**....]
Gold:   465        SH:  0    Dex: 12    Spells: 9/9 levels left

rFire    . . .     SeeInvis .     - Unarmed
rCold    . . .     Faith    +   (no shield)
rNeg     + . .     Spirit   .   e - +2 robe {rN+}
rPois    .         Reflect  .   (helmet restricted)
rElec    .         Harm     .   (no cloak)
rCorr    .         Rampage  .   (gloves unavailable)
Will     +....                  (boots unavailable)
Stlth    ++........             y - amulet of faith
HPRegen  1.26/turn              G - ring of magical power
MPRegen  0.16/turn              E - ring of willpower

@: about to teleport, corroded, wreathed by umbra
A: large, unfitting armour, claws 3, regeneration 1, shaggy fur 1, tough skin 1
a: Renounce Religion, Shadow Step


You were on level 9 of the Dungeon.
You worshipped Dithmenos.
Dithmenos was pleased with you.
You visited 2 branches of the dungeon, and saw 10 of its levels.
You also visited: Sewer.

You collected 465 gold pieces.

Inventory:

Missiles
 a - 6 poisoned darts (quivered)
 c - 5 large rocks
 d - a throwing net
 H - 5 javelins
 I - 5 boomerangs
Armour
 b - a +0 robe
 e - a +2 robe of positive energy (worn)
 v - a +1 robe of the Archmagi
Jewellery
 s - an amulet of magic regeneration
 y - an amulet of faith (around neck)
 E - a ring of willpower (right claw)
 G - a ring of magical power (left claw)
Wands
 i - a wand of polymorph (8)
Scrolls
 f - 2 scrolls of blinking {unknown}
 g - 3 scrolls of vulnerability
 j - 2 scrolls of immolation {unknown}
 m - 3 scrolls of noise {unknown}
 o - 2 scrolls of summoning {unknown}
 q - a scroll of brand weapon
 u - 2 scrolls of magic mapping
 w - 2 scrolls of fear {unknown}
 x - a scroll of acquirement
 B - a scroll of holy word
 C - a scroll of fog
Potions
 h - 2 potions of haste {unknown}
 l - 2 potions of attraction {unknown}
 p - 3 potions of curing
 r - a potion of magic {unknown}
 t - a potion of flight
 A - a potion of resistance
 D - a potion of might
 F - a potion of heal wounds


   Skills:
 + Level 5.5 Fighting
 + Level 6.9 Throwing
 - Level 1.5 Dodging
 - Level 0.3 Stealth
 * Level 10.3 Unarmed Combat
 - Level 3.0 Evocations


You had 9 spell levels left.
You didn't know any spells.
Your spell library contained the following spells:

 Spells                   Type           Power      Damage    Failure   Level
 Summon Small Mammal      Summ           0%         N/A       43%         1
 Call Imp                 Summ           0%         N/A       56%         2
 Call Canine Familiar     Summ           0%         N/A       80%         3
 Confusing Touch          Hex            0%         N/A       80%         3
 Gell's Gravitas          Tloc           0%         N/A       80%         3
 Summon Guardian Golem    Hex/Summ       0%         N/A       80%         3
 Petrify                  Tmut/Erth      0%         N/A       99%         4
 Summon Ice Beast         Ice/Summ       0%         N/A       99%         4
 Summon Lightning Spire   Summ/Air       0%         N/A       99%         4
 Metabolic Englaciation   Hex/Ice        0%         N/A       100%        5
 Yara's Violent Unravell  Hex/Tmut       0%         3d3       100%        5


Dungeon Overview and Level Annotations

Branches:
Dungeon (9/15)             Temple (1/1) D:4            Lair (0/6) D:9
  Sewer (visited)
    Orc: D:9-12

Altars:
Ashenzari
Cheibriados
Dithmenos
Elyvilon
Makhleb
Nemelex Xobeh
Okawaru
Uskayaw
Wu Jian
Yredelemnul
Zin

Annotations:
D:3 1 runed translucent door, Crazy Yiuf


Innate Abilities, Weirdness & Mutations

You are too large for most types of armour.
You have claws for hands.
Your natural rate of healing is unusually fast.
You are covered in fur. (AC +1)
You have tough skin. (AC +1)


Message History

Something hits you but does no damage.
The boulder beetle curls into a ball and begins rolling!
The centaur zombie hits you but does no damage.
The centaur zombie closely misses you.
The orc priest mumbles some strange prayers to Beogh against you.
You easily resist.
The gnoll sergeant hits you from afar with a +0 spear.
Something hits you.
* * * LOW HITPOINT WARNING * * *
Something shocks you.
* * * LOW HITPOINT WARNING * * *
An orc priest comes into view. It is wielding a +0 whip.
There is a stone staircase leading down here.
The orc priest shouts!
The centaur zombie hits you but does no damage.
The centaur zombie kicks you but does no damage.
The gnoll sergeant barely misses you. Something hits you.
* * * LOW HITPOINT WARNING * * *
Something shocks you.
* * * LOW HITPOINT WARNING * * *
You climb downwards.
Reactivating autopickup. 3 wargs, an acid dragon, 5 killer bees and 7 orcs come into view.
An orc priest is wielding a +0 whip of venom.
The warg howls!
The killer bee buzzes angrily. x2; The warg howls!
The killer bee buzzes angrily. x3; The warg howls!
The orc shouts!
The acid dragon roars!
The orc priest shouts!
The orc wizard shouts!
Found a leather armour, 22 gold pieces, a potion of curing and a red potion.
Found a staircase to the Lair.
There is a stone staircase leading up here.
As you read the scroll of teleportation, it crumbles to dust.
You feel strangely unstable.
The orc priest shouts!
Something hits you but does no damage.
Deactivating autopickup; reactivate with Ctrl-A.
The acid dragon spits acid at you. The splash of acid hits you!
* * * LOW HITPOINT WARNING * * *
The acid corrodes you!
You are splashed with acid!
You die...

.... #.....#
#..y# #.....#
.....##.....#
..y...#..!..#
..yo..#.....#
o....y......#
$..h.hD.....#
.o>o.y[@....#
.h.....######
...!o..
.o..o.#
...... .....#
#...# ##.#


You could see 3 wargs, an acid dragon (catching breath), 5 killer bees, 4 orc
priests, an orc wizard and 2 orcs.

Vanquished Creatures
  3 kobold demonologists (D:5)
  5 yaks
  A basilisk (D:8)
  A water moccasin (D:8)
  Duvessa (D:4)
  Purgy (Sewer)
  A sky beast (D:5)
  2 black bears
  A necrophage (D:5)
  An ice beast (D:7)
  A hornet zombie (D:7)
  An ogre (D:5)
  A kobold brigand (D:6)
  3 scorpions
  Dowan (D:4)
  7 killer bees
  3 wights (D:7)
  An electric eel (D:7)
  2 centaur zombies
  A hound (D:5)
  A bullfrog zombie (D:6)
  A jelly (D:6)
  A centaur skeleton (D:4)
  3 iguanas
  Jessica (D:3)
  2 orc wizards
  2 killer bee zombies (D:8)
  A howler monkey zombie (D:6)
  8 adders
  2 shadow imps
  An ufetubus (D:5)
  4 worms
  The ghost of shoop the Sneak, a weakling DsDe (D:5)
  3 dart slugs
  26 orcs
  6 bats
  2 endoplasms
  6 giant cockroaches
  4 hobgoblins
  7 jackals
  14 kobolds
  7 quokkas
  7 ball pythons
  5 frilled lizards
  A goblin (D:3)
  8 rats
162 creatures vanquished.

Vanquished Creatures (others)
  6 plants (D:7)
6 creatures vanquished.

Grand Total: 168 creatures vanquished

Notes
Turn   | Place    | Note
-------+----------+-------------------------------------------
     0 | D:1      | shoop the Troll Hunter began the quest for the Orb.
     0 | D:1      | Reached XP level 1. HP: 19/19 MP: 0/0
    53 | D:1      | Reached skill level 1 in Unarmed Combat
    96 | D:2      | Reached XP level 2. HP: 27/27 MP: 1/1
   118 | D:2      | Reached skill level 2 in Unarmed Combat
   280 | D:3      | Found a runed translucent door.
   281 | D:3      | Noticed Crazy Yiuf
   343 | D:3      | Found a glowing drain.
   359 | D:3      | Noticed Jessica
   365 | D:3      | Killed Jessica
   366 | D:3      | Reached skill level 3 in Unarmed Combat
   366 | D:3      | Reached XP level 3. HP: 29/33 MP: 2/2
   436 | D:3      | Noticed a scorpion
   450 | D:3      | Killed a scorpion
   451 | D:3      | Reached skill level 4 in Unarmed Combat
   451 | D:3      | Reached XP level 4. HP: 27/41 MP: 3/3
   543 | D:3      | Reached XP level 5. HP: 48/48 MP: 4/4
   555 | Sewer    | Entered a sewer
   606 | Sewer    | Noticed Purgy
   623 | Sewer    | Killed Purgy
   624 | Sewer    | Reached skill level 5 in Unarmed Combat
   733 | D:4      | Reached XP level 6. HP: 54/57 MP: 5/5
   742 | D:4      | Noticed a yak
   742 | D:4      | Noticed a yak
   911 | D:1      | Found a faded altar of an unknown god.
  2529 | D:4      | Noticed Dowan
  2539 | D:4      | Noticed Duvessa
  2588 | D:4      | Killed Duvessa
  2642 | D:4      | Noticed a yak
  2671 | D:4      | Killed a yak
  2672 | D:4      | Reached skill level 6 in Unarmed Combat
  2672 | D:4      | Reached skill level 1 in Evocations
  2672 | D:4      | Reached XP level 7. HP: 48/66 MP: 6/6
  2699 | D:4      | Noticed a yak
  2721 | D:4      | Killed a yak
  2724 | D:4      | Noticed a yak
  2737 | D:3      | Killed a yak
  2773 | D:3      | Killed a yak
  2774 | D:3      | Reached skill level 7 in Unarmed Combat
  2774 | D:3      | Reached XP level 8. HP: 71/75 MP: 7/7
  2784 | D:4      | Reached skill level 5 in Throwing
  2843 | D:4      | Killed Dowan
  2934 | D:4      | Found a staircase to the Ecumenical Temple.
  2948 | Temple   | Entered the Ecumenical Temple
  2957 | Temple   | Became a worshipper of Dithmenos the Shadowed
  3332 | D:5      | Entered Level 5 of the Dungeon
  3525 | D:5      | Reached skill level 8 in Unarmed Combat
  3732 | D:5      | Found a large runed translucent door.
  3732 | D:5      | Found a large runed translucent door.
  3733 | D:5      | Noticed shoop's ghost (weakling DsDe)
  3786 | D:5      | Reached * piety under Dithmenos
  4195 | D:5      | Killed shoop's ghost
  4203 | D:5      | Identified a scroll of acquirement
  4224 | D:6      | Noticed a kobold demonologist
  4224 | D:6      | Noticed a kobold demonologist
  4226 | D:6      | Noticed a kobold demonologist
  4244 | D:5      | Killed a kobold demonologist
  4245 | D:5      | Reached XP level 9. HP: 75/84 MP: 8/8
  4261 | D:5      | Noticed a rust devil
  4263 | D:5      | Killed a kobold demonologist
  4283 | D:5      | Killed a kobold demonologist
  4284 | D:5      | Reached skill level 9 in Unarmed Combat
  4769 | D:7      | Reached ** piety under Dithmenos
  4770 | D:7      | Reached skill level 5 in Fighting
  5268 | D:7      | Reached skill level 10 in Unarmed Combat
  5490 | D:8      | Reached XP level 10. HP: 87/96 MP: 9/9
  5502 | D:8      | Noticed a boulder beetle
  5529 | D:9      | Found a staircase to the Lair.
  5530 | D:9      | Splashed by an acid dragon's acid

Illustrated notes

Levels and vault maps discovered:
D:1:      nzn_arrival_settlement, layout_loops_ring,
          hellmonk_ecumenical_altar_heavens_door, minmay_cut_off
D:2:      layout_rooms
D:3:      layout_loops_ring, gup_sewer_entry_glass, hex_tiny,
          chequers_serial_rivers_small_b, uniq_crazy_yiuf_cottage, uniq_jessica
D:4:      layout_loops_ring, minmay_temple_entry_fiery, uniq_duvessa
D:5:      layout_layer_cave, ebering_ghost_disaster_area, grunt_decor_arrowhead,
          hex_large
D:6:      layout_rooms, lemuel_flame_loot_1
D:7:      layout_loops_ring, serial_bayou_lake_a
D:8:      layout_cave_pools, special_room [special_room_orc],
          gup_ossuary_entry_pyramid, minmay_pinched_square
D:9:      layout_basic, nicolae_vehumet_altar_sigil, erik_lair_orcish_takeover,
          kennysheep_boxes, uniq_grum
Temple:   grunt_wide_crystal_templ

Skill      XL: |  1  2  3  4  5  6  7  8  9 |
---------------+----------------------------+-----
Unarmed Combat | 1 3 4 5 6 7 8 10 | 10.3
Fighting       | 2 3 4 5 |  5.5
Throwing       | 4 5 6 |  6.9
Evocations     | 1 2 3 |  3.0
Dodging        | |  1.5
Stealth        | |  0.3

Action                   |  1- 3 |  4- 6 |  7- 9 | 10-12 || total
-------------------------+-------+-------+-------+-------++-------
Melee: Unarmed           |    72 |   171 |   292 |     4 ||   539
       Punch             |     1 |     3 |     8 |       ||    12
Throw: Large rock        |       |     3 |       |       ||     3
       Throwing net      |       |     1 |       |       ||     1
       Dart              |       |       |     4 |       ||     4
Evoke: Wand              |       |       |     1 |       ||     1
  Use: Scroll            |       |       |    13 |     2 ||    15
       Potion            |       |       |     1 |       ||     1
 Stab: Sleeping          |     1 |     2 |     2 |       ||     5
Armor: Robe              |    26 |    98 |   119 |     5 ||   248
Dodge: Dodged            |    29 |    88 |   151 |     5 ||   273

Table legend: (Time is in decaauts)
 A = Elapsed time spent in this place.
 B = Non-inter-level travel time spent in this place.
 C = Inter-level travel time spent in this place.
 D = Time resting spent in this place.
 E = Time spent auto-exploring this place.
 F = Levels seen in this place.
 G = Mean time per level.
                   A        B        C        D        E       F      G
               +--------+--------+--------+--------+--------+-----+--------+
         Total |   5492 |   5198 |    294 |    238 |   3591 |  11 |  499.3 |
       Dungeon |   5350 |   5065 |    285 |    238 |   3552 |   9 |  594.4 |
        Temple |     18 |      9 |      9 |      0 |      2 |   1 |   18.0 |
         Sewer |    123 |    123 |      0 |      0 |     37 |   1 |  123.0 |
               +--------+--------+--------+--------+--------+-----+--------+

Top non-repeatable levels by time:
     D:3: 1072 daAuts
     D:4: 960 daAuts
     D:5: 913 daAuts
     D:1: 701 daAuts
     D:7: 590 daAuts
     D:6: 482 daAuts
     D:2: 455 daAuts
     D:8: 174 daAuts
   Sewer: 123 daAuts
  Temple: 18 daAuts
     D:9: 0 daAuts
